 Dungeon Crawl Stone Soup version 0.31.0-12-g77e489cdc1 (webtiles) character file.

Game seed: 515567712816505216

1379 spaghetti the Skirmisher (level 8, -4/56 HPs)
             Began as a Demonspawn Hunter on Feb 18, 2024.
             Was a Believer of Cheibriados.
             Slain by a gnoll sergeant
             ... wielding a +7 heavy trident
              (22 damage)
             ... on level 6 of the Dungeon.
             The game lasted 00:05:58 (4687 turns).

spaghetti the Skirmisher (Demonspawn Hunter)        Turns: 4687, Time: 00:05:58

Health: -4/56      AC: 12    Str: 18    XL:     8   Next: 39%
Magic:  8/8        EV: 21    Int: 17    God:    Cheibriados [**....]
Gold:   345        SH:  0    Dex: 24    Spells: 7/7 levels left

rFire   . . .        b - +1 short sword (elec)
rCold   . . .        (no shield)
rNeg    + . .        v - quicksilver dragon scales of the Turtledove {rN+ Will+ Str+3 Int+4}
rPois   .            k - +0 helmet
rElec   .            (no cloak)
rCorr   .            o - +0 pair of gloves
SInv    .            (no boots)
Will    +....        (no amulet)
Stlth   ++           i - +5 ring of evasion
HPRegen 0.29/turn    (no ring)
MPRegen 0.11/turn

%: no passive effects
@: agile, very slow
A: hooves 1, powered by death 1, powered by pain 1, sharp scales 1, inability to
read after injury 1
a: Renounce Religion, Bend Time


You were on level 6 of the Dungeon.
You worshipped Cheibriados.
Cheibriados was pleased with you.
You visited 1 branch of the dungeon, and saw 6 of its levels.

You collected 345 gold pieces.

Inventory:

Hand Weapons
 a - a +0 shortbow
 b - a +1 short sword of electrocution (weapon)
 j - a +2 vampiric falchion
Armour
 c - a +1 leather armour
 k - a +0 helmet (worn)
 o - a +0 pair of gloves (worn)
 v - the quicksilver dragon scales of the Turtledove (worn) {rN+ Will+ Str+3 Int+4}
   (You found it on level 5 of the Dungeon)

   Str+3:     It affects your strength (+3).
   Int+4:     It affects your intelligence (+4).
   rN+:       It protects you from negative energy.
   Will+:     It increases your willpower.
Jewellery
 i - a +5 ring of evasion (left hand)
Wands
 l - a wand of digging (6)
Scrolls
 f - a scroll of butterflies
 g - a scroll of immolation
 h - a scroll of revelation
 m - 2 scrolls of blinking
 n - a scroll of fog
 q - a scroll of amnesia
 w - a scroll of vulnerability
 x - 2 scrolls of torment
Potions
 d - a potion of brilliance
 p - a potion of invisibility
 r - a potion of curing
 t - a potion of lignification
 u - a potion of berserk rage {unknown}


   Skills:
 - Level 2.0 Fighting
 + Level 10.2 Ranged Weapons
 - Level 1.7 Dodging
 - Level 0.8 Stealth


You had 7 spell levels left.
You didn't know any spells.
Your spell library contained the following spells:

 Spells                   Type           Power      Damage    Failure   Level
 Dazzling Flash           Conj/Hex       0%         N/A       77%         3
 Mephitic Cloud           Conj/Alch/Air  0%         N/A       77%         3
 Curse of Agony           Necr           0%         N/A       100%        5
 Silence                  Hex/Air        0%         N/A       100%        5


Dungeon Overview and Level Annotations

Branches:
Dungeon (6/15)             Temple (0/1) D:6

Altars:
Cheibriados
Ru

Annotations:
D:5 1 runed translucent door, Lhightning's ghost, novice HOFi


Innate Abilities, Weirdness & Mutations

You have large cloven feet.
You regenerate a little health from kills.
You sometimes gain a little power by taking damage.
You are partially covered in razor-sharp scales. (AC +1, Slay +1)
You occasionally lose the ability to read scrolls when taking damage.


Message History

You are too injured to fight recklessly!
You are too injured to fight recklessly!
You are too injured to fight recklessly!
You are too injured to fight recklessly!
You are too injured to fight recklessly!
You are too injured to fight recklessly!
You are too injured to fight recklessly!
You are too injured to fight recklessly!
You are too injured to fight recklessly!
You are too injured to fight recklessly!
You are too injured to fight recklessly!
You are too injured to fight recklessly!
You are too injured to fight recklessly!
You are too injured to fight recklessly!
You are too injured to fight recklessly!
You are too injured to fight recklessly!
Aiming: Mindburst
Press: ? - help, Shift-Dir - straight line, f - gnoll sergeant
Aim: a gnoll sergeant, wielding a +7 heavy trident and wearing a +0 scale mail (chance to affect: 64%)
The gnoll sergeant's mind is blasted!
The now-empty wand crumbles to dust.
Unknown command.
Unknown command.
Unknown command.
Okay, then.
The gnoll sergeant hits you with a +7 heavy trident!!
You focus on the pain.
You feel agile all of a sudden.
Unknown command.
Unknown command.
Okay, then.
You hit the gnoll sergeant but do no damage.
You kick the gnoll sergeant, but do no damage.
You punch the gnoll sergeant, but do no damage.
The gnoll sergeant is heavily wounded.
The gnoll sergeant barely misses you.
You hit the gnoll sergeant but do no damage.
You kick the gnoll sergeant, but do no damage.
The gnoll sergeant is heavily wounded.
The gnoll sergeant hits you with a +7 heavy trident!!
You die...

#.#.##.# .##.##.#########
.##.##.........#############
.##.##########.#.....)......
.##.# #######.#.###))......
..... .............).......
##### #.#####...###.######.
###########.# ...gggg@....#
#############


You could see a gnoll sergeant and 3 gnolls.

Vanquished Creatures
  Prince Ribbit (D:4)
  Eustachio (D:4)
  A black bear (D:6)
  A sky beast (D:6)
  2 ogres
  2 scorpions
  3 bombardier beetles
  An orc priest (D:4)
  3 hounds
  A sleepcap (D:6)
  An iguana (D:6)
  3 orc wizards
  4 adders
  8 gnolls
  2 ufetubi (D:6)
  3 dart slugs
  5 orcs
  4 bats
  3 endoplasms
  5 giant cockroaches
  3 goblins
  3 hobgoblins
  5 jackals
  A quokka (D:4)
  4 ball pythons
  2 frilled lizards (D:1)
  9 kobolds
  6 rats
87 creatures vanquished.

Vanquished Creatures (others)
  An orc priest (D:3)
1 creature vanquished.

Grand Total: 88 creatures vanquished

Notes
Turn   | Place    | Note
-------+----------+-------------------------------------------
     0 | D:1      | spaghetti the Demonspawn Hunter began the quest for the
                  | Orb.
     0 | D:1      | Reached XP level 1. HP: 16/16 MP: 1/1
   136 | D:1      | Reached skill level 4 in Ranged Weapons
   190 | D:1      | Gained mutation: You regenerate a little health from kills.
                  | [demonic ancestry]
   190 | D:1      | Reached XP level 2. HP: 22/22 MP: 2/2
   985 | D:2      | Reached XP level 3. HP: 27/27 MP: 3/3
  1112 | D:2      | Found a snail-covered altar of Cheibriados.
  1126 | D:2      | Became a worshipper of Cheibriados the Contemplative
  1177 | D:2      | You fall into a shaft and drop 1 floor!
  1237 | D:3      | Found a sacrificial altar of Ru.
  1291 | D:3      | Reached skill level 5 in Ranged Weapons
  1296 | D:3      | Gained mutation: You sometimes gain a little power by
                  | taking damage. [demonic ancestry]
  1296 | D:3      | Reached XP level 4. HP: 33/33 MP: 4/4
  1611 | D:3      | Gained mutation: You are partially covered in razor-sharp
                  | scales. (AC +1, Slay +1) [demonic ancestry]
  1611 | D:3      | Reached XP level 5. HP: 36/38 MP: 5/5
  2051 | D:3      | Reached skill level 6 in Ranged Weapons
  2052 | D:3      | Reached * piety under Cheibriados
  2330 | D:4      | Gained mutation: You occasionally lose the ability to read
                  | scrolls when taking damage. [potion of mutation]
  2364 | D:4      | Reached XP level 6. HP: 37/44 MP: 6/6
  3075 | D:4      | Reached skill level 7 in Ranged Weapons
  3190 | D:5      | Entered Level 5 of the Dungeon
  3192 | D:5      | Noticed Prince Ribbit
  3202 | D:5      | Noticed Eustachio
  3378 | D:4      | Killed Eustachio
  3379 | D:4      | Gained mutation: You have large cloven feet. [demonic
                  | ancestry]
  3379 | D:4      | Reached XP level 7. HP: 37/50 MP: 7/7
  3397 | D:4      | Killed Prince Ribbit
  3398 | D:4      | Reached skill level 8 in Ranged Weapons
  3472 | D:5      | Found a runed translucent door.
  3472 | D:5      | Noticed Lhightning's ghost (novice HOFi)
  3777 | D:5      | Identified the quicksilver dragon scales of the Turtledove
                  | {rN+ Will+ Str+3 Int+4}
  3795 | D:5      | Reached skill level 9 in Ranged Weapons
  4126 | D:6      | Found a staircase to the Ecumenical Temple.
  4226 | D:6      | Reached XP level 8. HP: 56/56 MP: 8/8
  4660 | D:6      | Reached skill level 10 in Ranged Weapons
  4663 | D:6      | Reached ** piety under Cheibriados
  4687 | D:6      | Slain by a gnoll sergeant

Illustrated notes

Levels and vault maps discovered:
D:1:      minmay_arrival_hallway, layout_loops_corners, serial_forest,
          infiniplex_forest_lined_4_way, infiniplex_forest_straight_5,
          infiniplex_forest_lined_2, infiniplex_forest_corner_2,
          infiniplex_forest_clump_small, infiniplex_forest_clump_small,
          infiniplex_forest_lined_ring, infiniplex_forest_clump_small,
          infiniplex_forest_pool, chequers_serial_rivers_micro_c,
          hangedman_decor_opposing
D:2:      layout_basic, basic_altar, serial_shops, nicolae_shop_hallway_stairs,
          minmay_misc_feat_x, minmay_tromino_i2, uniq_natasha
D:3:      layout_basic, nicolae_overflow_crystal_walls, guppyfry_early_lair_pool
D:4:      layout_basic
D:5:      layout_basic, gammafunk_ghost_grave, minmay_door_square,
          uniq_eustachio, uniq_prince_ribbit1
D:6:      layout_loops_ring, minmay_temple_entry_grid,
          nicolae_figureground_sparkle

Skill      XL: |  1  2  3  4  5  6  7  8 |
---------------+-------------------------+-----
Ranged Weapons | 4 5 6 7 9 10 | 10.2
Fighting       | |  2.0
Dodging        | |  1.7
Stealth        | |  0.8

Action                     |  1- 3 |  4- 6 |  7- 9 || total
---------------------------+-------+-------+-------++-------
  Melee: Short sword       |    13 |    37 |    36 ||    86
         Kick              |       |       |     8 ||     8
         Punch             |       |       |     1 ||     1
   Fire: Shortbow          |    96 |    86 |    70 ||   252
  Evoke: Wand              |       |       |     1 ||     1
    Use: Potion            |     2 |     7 |       ||     9
         Scroll            |     2 |     5 |     3 ||    10
 Armour: Leather armour    |    49 |    21 |     6 ||    76
         Skin              |       |    45 |       ||    45
         Quicksilver drago |       |       |    40 ||    40
  Dodge: Dodged            |    58 |    40 |    71 ||   169
